Map: Ulrena

Players

Kedar - Winner!

  • Race: Zerg Zerg
  • League: Diamond

LilDicky

  • Race: Terran Terran
  • League: Diamond

VOD

http://www.twitch.tv/tumescentpie

Description

Time

  • Played on: Dec. 26, 2015, 8:30 p.m.
  • Length: 7:29
Show
View Real Time Build Order
Export as new Build Order

Kedar Zerg - Winner!

Build Orders: Hatch First 

Get SALT Encoding   

  12  0:01  Drone  
  13  0:12  Overlord  
  13  0:17  Drone  
  14  0:35  Drone  
  15  0:37  Drone  
  15  0:40  Drone  
  17  0:54  Hatchery  
  17  0:57  Drone  
  17  1:00  Drone  
  18  1:14  Spawning Pool  
  17  1:19  Drone  
  17  1:20  Extractor  
  17  1:25  Overlord  
  17  1:35  Drone  
  18  1:57  Drone  
  19  2:02  Queen, Zergling x4  
  19  2:06  Queen  
  25  2:13  Drone x2  
  27  2:19  Drone  
  28  2:29  Metabolic Boost  
  28  2:32  Drone x2  
  28  2:36  Drone  
  31  2:44  Queen x2  
  31  2:49  Overlord  
  35  2:54  Overlord  
  35  3:16  Zergling x2  
  35  3:19  Spine Crawler  
  35  3:22  Spine Crawler  
  35  3:26  Spine Crawler  
  31  3:30  Overlord  
  31  3:31  Overlord  
  31  3:37  Spine Crawler  
  29  3:44  Overlord  
  29  3:49  Zergling x2  
  29  3:50  Zergling x4  
  29  3:51  Zergling x2  
  33  4:00  Zergling x4  
  34  4:14  Zergling x8  
  35  4:33  Zergling x2  
  35  4:34  Zergling x2  
  32  4:49  Zergling x2  
  32  4:51  Queen  
  27  5:01  Zergling x4  
  29  5:08  Hatchery  
  28  5:26  Zergling x4  
  29  5:42  Baneling Nest  
  29  5:43  Zergling x2  
  29  5:48  Queen  
  31  5:50  Overlord  
  31  6:00  Zergling x2  
  31  6:01  Zergling x6  
  33  6:08  Zergling x2  
  33  6:20  Zergling x4  
  33  6:21  Queen  
  37  6:27  Baneling x6  
  37  6:28  Baneling  
  37  6:29  Baneling  
  37  6:30  Extractor  
  36  6:52  Zergling x12  
  38  7:12  Hatchery  
Show
View Real Time Build Order
Export as new Build Order

LilDicky Terran 

Build Orders:  

Get SALT Encoding   

  12  0:01  SCV  
  13  0:16  SCV  
  14  0:25  Supply Depot  
  14  0:33  SCV  
  15  0:46  SCV  
  15  0:49  Barracks  
  16  0:59  SCV  
  17  1:11  SCV  
  18  1:25  Barracks x2  
  18  1:27  Barracks  
  18  1:35  SCV  
  18  1:38  Supply Depot  
  18  1:39  Marine  
  20  1:51  Orbital Command  
  20  1:59  Marine  
  21  2:13  Marine x2  
  23  2:16  Marine x2  
  23  2:17  SCV  
  26  2:31  Marine  
  26  2:32  SCV  
  26  2:33  Marine  
  26  2:34  Marine x2  
  31  2:51  Supply Depot  
  31  3:02  Barracks  
  31  3:12  SCV, Marine x4  
  35  3:30  Marine x4  
  39  3:39  Supply Depot  
  39  3:42  SCV  
  39  3:48  Marine x4  
  40  4:08  Marine x3  
  34  4:19  SCV  
  34  4:23  Marine  
  36  4:26  Marine  
  31  4:50  SCV  
  31  4:51  Marine x4  
  35  4:58  Command Center  
  33  5:03  SCV  
  33  5:08  Marine  
  33  5:10  Marine x3  
  37  5:18  Refinery  
  37  5:21  Refinery  
  37  5:26  Marine x2  
  39  5:28  Marine  
  40  5:38  Marine x2  
  42  5:44  Marine  
  42  5:49  SCV  
  30  6:05  Marine x2  
  30  6:06  Marine x3  
  30  6:10  Orbital Command  
  34  6:23  Marine x2  
  34  6:24  Marine  
  39  6:30  Barracks Tech Lab  
  39  6:31  Barracks Tech Lab, Factory  
  39  6:32  SCV  
  38  6:37  Refinery  
  38  6:39  SCV  
  39  6:41  Marine x2  
  31  6:59  Marine x3  
  31  7:00  Marine  
Tags
 
Add a new tag
Caveats
  • Supply blocks, unpowered buildings, or Contaminate may cause inaccurate times.
  • Supply counts are checked every 10 seconds.